 Dungeon Crawl Stone Soup version 0.19.5 (webtiles) character file.

30003 MovingMist the Fighter (level 13, -6/93 HPs)
             Began as a Gargoyle Fighter on Apr 7, 2017.
             Was the Champion of Okawaru.
             Mangled by Asterion
             ... wielding a +4 demon whip of draining
              (23 damage)
             ... on level 1 of the Snake Pit.
             The game lasted 00:44:14 (13561 turns).

MovingMist the Fighter (Gargoyle Fighter)          Turns: 13561, Time: 00:44:15

Health: -6/93      AC: 27    Str: 34    XL:     13   Next: 48%
Magic:  13/13      EV: 13    Int: 11    God:    Okawaru [******]
Gold:   829        SH: 13    Dex: 14    Spells: 1 memorised, 8 levels left

rFire  . . .     SeeInvis .     G - +4 mace "Bosamuadd" {venom, Str+7}
rCold  + . .     Gourm    .     b - +0 plate armour
rNeg   + . .     Faith    +     c - +0 shield
rPois  ∞         Spirit   .     C - +0 helmet
rElec  +         Reflect  .     e - +2 cloak
rCorr  +         Harm     .     U - +0 pair of gloves of Imuam {+Inv rPois Dex+2}
MR     +....                    B - +1 pair of boots
Stlth  ..........               a - amulet of faith
                                I - ring of resist corrosion
                                V - ring of protection from cold

@: mighty
A: clever 1, deformed body, magic resistance 1, negative energy resistance 1,
robust 1, electricity resistance, wild magic 1, unbreathing, petrification
resistance, rot immunity, AC +9
a: Heroism, Finesse, Renounce Religion, Evoke Invisibility


You were on level 1 of the Snake Pit.
You worshipped Okawaru.
Okawaru was exalted by your worship.
You were not hungry.

You visited 4 branches of the dungeon, and saw 17 of its levels.
You also visited: Ossuary.

You collected 888 gold pieces.
You spent 59 gold pieces at shops.

Inventory:

Hand Weapons
 t - the +1 scimitar of an ossuary {flame, rC+ Str+4}
   (Okawaru gifted it to you on level 3 of the Lair of Beasts)

   It has been specially enchanted to burn those struck by it, causing extra
   injury to most foes and up to half again as much damage against particularly
   susceptible opponents.
   Big, fiery blades are also staple armaments of hydra-hunters.
   It affects your strength (+4).
   It protects you from cold.
 G - the +4 mace "Bosamuadd" (weapon) {venom, Str+7}
   (You found it on level 6 of the Dungeon)

   It poisons the flesh of those it strikes.
   It affects your strength (+7).
Armour
 b - a +0 plate armour (worn)
 c - a +0 shield (worn)
 e - a +2 cloak (worn)
 B - a +1 pair of boots (worn)
 C - a +0 helmet (worn)
 U - the +0 pair of gloves of Imuam (worn) {+Inv rPois Dex+2}
   (Okawaru gifted it to you on level 1 of the Lair of Beasts)

   It affects your dexterity (+2).
   It protects you from poison.
   It lets you turn invisible.
Jewellery
 a - an amulet of faith (around neck)
 I - a ring of resist corrosion (right hand)
 V - a ring of protection from cold (left hand)
Wands
 l - a wand of confusion (42/48)
 n - a wand of digging (9/24)
 A - a wand of confusion (44/48)
 D - a wand of iceblast (3/15)
 H - a wand of teleportation (1/9)
 N - a wand of lightning (9/15)
 O - a wand of acid (5/15)
 X - a wand of hasting (2/9)
Scrolls
 j - 8 scrolls of remove curse
 s - 3 scrolls of recharging
 w - a scroll of torment {unknown}
 x - 8 scrolls of teleportation
 y - 4 scrolls of magic mapping
 M - a scroll of acquirement {unknown}
 P - 3 scrolls of immolation {unknown}
 Q - 2 scrolls of noise {unknown}
 W - a scroll of amnesia {unknown}
 Y - a scroll of holy word {unknown}
Potions
 d - 2 potions of might
 h - 2 potions of invisibility
 k - 11 potions of curing
 m - a potion of beneficial mutation {unknown}
 o - 3 potions of haste {unknown}
 p - 4 potions of heal wounds {unknown}
 r - 4 potions of ambrosia {unknown}
 u - a potion of agility {unknown}
 v - 2 potions of berserk rage {unknown}
 z - a potion of magic {unknown}
 E - 8 potions of brilliance {unknown}
 F - a potion of lignification {unknown}
 K - a potion of mutation {unknown}
 L - 3 potions of flight {unknown}
 R - a potion of resistance {unknown}
 T - a potion of experience {unknown}
Books
 i - a book of Clouds

   Spells                             Type                      Level
   a - Mephitic Cloud                 Conjuration/Poison/Air       3
   b - Conjure Flame                  Conjuration/Fire             3
   c - Poisonous Cloud                Conjuration/Poison/Air       6
   d - Freezing Cloud                 Conjuration/Ice/Air          6
   e - Ring of Flames                 Charms/Fire                  7
 Z - a Young Poisoner's Handbook

   Spells                             Type                      Level
   a - Sting                          Conjuration/Poison           1
   b - Mephitic Cloud                 Conjuration/Poison/Air       3
   c - Olgreb's Toxic Radiance        Poison                       4
   d - Alistair's Intoxication        Transmutation/Poison         5
   e - Venom Bolt                     Conjuration/Poison           5
Comestibles
 f - 4 bread rations
 g - 7 meat rations
 q - 6 beef jerkies
 J - 7 royal jellies
 S - 5 fruits


   Skills:
 + Level 11.7 Fighting
 + Level 10.5 Maces & Flails
 + Level 10.4 Armour
 * Level 10.4 Dodging
 - Level 10.0 Shields


You had 8 spell levels left.
You knew the following spells:

 Your Spells              Type           Power        Failure   Level  Hunger
a - Petrify               Tmut/Erth      #.......     100%        4    #####..


Dungeon Overview and Level Annotations

Branches:
Dungeon (11/15)            Temple (1/1) D:6            Lair (4/6) D:11
 Shoals (0/4) Lair:3        Snake (1/4) Lair:4          Orc (0/2) D:9

Altars:
Dithmenos
Elyvilon
Fedhas
Hepliaklqana
Kikubaaqudgha
Nemelex Xobeh
Okawaru
Qazlal
Ru
Sif Muna
Trog
Vehumet
Xom
Yredelemnul
Zin

Shops:
D:9 (   D:10 *?   Snake:1 [

Annotations:
D:11 exclusion: 3 oklob plants
Snake:1 Asterion


Innate Abilities, Weirdness & Mutations

You are resistant to torment.
Your stone body is resilient. (AC +9)
You are immune to poison.
You resist negative energy. (rN+)
You are resistant to electric shocks. (rElec)
You can survive without breathing.
You are immune to petrification.
You are immune to rotting.
Your mind is acute. (Int +2)
Armour fits poorly on your strangely shaped body.
You are resistant to hostile enchantments. (MR+)
You are robust. (+10% HP)
Your spells are a little harder to cast, but a little more powerful.


Message History

Your plate armour prevents you from hitting Asterion.
Asterion is lightly wounded.
Asterion barely misses you. Asterion gores you but does no damage.
You bludgeon Asterion!!
Asterion looks as sick as possible!
Asterion is moderately wounded.
Asterion closely misses you. Asterion gores you but does no damage.
You bludgeon Asterion!!
Asterion looks as sick as possible!
Asterion is moderately wounded.
You block Asterion's attack. x2
Asterion conjures a destructive force in the name of Makhleb!
The fireball explodes!
The fireball engulfs you!
* * * LOW HITPOINT WARNING * * *
The fireball engulfs Asterion.
Asterion resists.
Asterion blocks your attack.
Asterion is severely wounded.
You block Asterion's attack. x2
You sock Asterion!
Asterion looks as sick as possible!
Asterion is severely wounded.
Asterion hits you with a demon whip of draining!!
You die...

..........##...## #...#
....##......#..# #...#
....##.......#.# #...#
....##.........#.
....##..........#
....##..........#
....##........#.#
....##)÷......####
....###÷#....###@#
....###.#..### #H###
...........# ##2..#
...........#
##.##.....#
≈.≈...≈P≈≈.###..#
......
≈≈†P.P≈P≈≈.....## .....
≈≈†PP≈≈≈≈P....####
.....
≈≈P≈PPP≈≈P.##(...# ..##
≈≈≈≈≈≈≈≈P≈##..........#


You could see Asterion and a blizzard demon.

Vanquished Creatures
  Josephine (D:10)
  Fannar (Lair:2)
  4 hydras
  The ghost of Inarius the Cleaver, a journeyman MiFi of Hepliaklqana (D:11)
  A catoblepas (Lair:2)
  Erica (D:11)
  An anaconda (Snake:1)
  Urug (Lair:2)
  3 sea snakes (Snake:1)
  A hill giant (D:11)
  A mana viper (Snake:1)
  A salamander (Snake:1)
  3 elephants (Lair:2)
  2 black mambas (Snake:1)
  A siren (Lair:3)
  A torpor snail (Lair:2)
  3 spiny frogs
  A gargoyle (D:10)
  3 komodo dragons
  The ghost of Britaniac the Conjurer, a novice DEFE of Vehumet (D:5)
  A queen bee (D:8)
  The ghost of shugdite the Slasher, an amateur MiFi (D:7)
  2 trolls
  Grinder (D:6)
  A polar bear (Lair:3)
  Prince Ribbit (D:8)
  3 blink frogs (Lair:1)
  9 hippogriffs
  15 yaks
  3 wraiths (D:10)
  2 basilisks (Lair:3)
  Eustachio (D:6)
  3 nagas (Lair:4)
  11 porcupines
  7 water moccasins
  4 orc warriors
  3 black bears
  A phantom (D:10)
  2 sky beasts
  An ice beast (D:10)
  10 wolves (Lair:3)
  3 ogres
  3 centaurs
  8 crocodiles
  An elf zombie (Ossuary)
  14 bullfrogs
  A gnoll sergeant (D:11)
  3 scorpions
  The ghost of DrClinical the Covered, a weakling MiFi (D:3)
  20 killer bees
  2 electric eels (Snake:1)
  4 howler monkeys
  3 crimson imps
  3 centaur zombies
  2 bullfrog zombies
  A quasit (D:9)
  4 centaur skeletons
  A gnoll shaman (D:8)
  2 bullfrog skeletons (D:9)
  2 orc priests
  2 jellies
  6 iguanas
  3 orc wizards
  A worker ant (D:4)
  2 big kobold zombies (Ossuary)
  2 mummies (Ossuary)
  7 gnolls
  A howler monkey zombie (D:5)
  9 adders
  2 oozes
  An adder zombie (D:10)
  3 worms
  5 dart slugs
  7 leopard geckos
  26 orcs
  A ball python (D:2)
  3 giant cockroaches
  4 goblins
  6 hobgoblins
  2 jackals (D:7)
  4 quokkas
  10 bats
  5 frilled lizards
  A goblin zombie (Ossuary)
  11 hobgoblin zombies (Ossuary)
  2 jackal zombies (Ossuary)
  7 kobolds
  8 kobold zombies (Ossuary)
  7 orc zombies (Ossuary)
  6 rats
  A rat zombie (Ossuary)
  A plant (D:11)
348 creatures vanquished.

Vanquished Creatures (others)
  5 fungi
  3 plants
8 creatures vanquished.

Grand Total: 356 creatures vanquished

Notes
Turn   | Place    | Note
-------+----------+-------------------------------------------
     0 | D:1      | MovingMist the Gargoyle Fighter began the quest for the Orb.
     0 | D:1      | Reached XP level 1. HP: 14/14 MP: 1/1
   182 | D:1      | Reached XP level 2. HP: 19/19 MP: 2/2
   563 | D:2      | Reached XP level 3. HP: 15/24 MP: 3/3
   608 | D:2      | Reached skill level 4 in Fighting
   886 | D:2      | Reached XP level 4. HP: 21/29 MP: 4/4
  1642 | D:3      | Noticed DrClinical's ghost (weakling MiFi)
  1975 | D:3      | Reached XP level 5. HP: 32/34 MP: 5/5
  2134 | D:3      | Killed DrClinical's ghost
  2337 | D:3      | Found a shadowy altar of Dithmenos.
  2547 | D:3      | Found a basalt altar of Yredelemnul.
  2548 | D:3      | Found a glowing silver altar of Zin.
  2548 | D:3      | Found a sparkling altar of Nemelex Xobeh.
  2551 | D:3      | Found a sacrificial altar of Ru.
  2553 | D:3      | Found a blossoming altar of Fedhas.
  2784 | D:4      | Reached XP level 6. HP: 22/40 MP: 6/6
  2801 | D:4      | Found a hazy altar of Hepliaklqana.
  3113 | D:4      | Reached skill level 5 in Fighting
  3113 | D:4      | Reached skill level 5 in Armour
  3550 | D:5      | Entered Level 5 of the Dungeon
  3616 | D:5      | Reached XP level 7. HP: 33/44 MP: 7/7
  3712 | D:5      | Reached skill level 5 in Shields
  3723 | D:5      | Noticed Britaniac's ghost (novice DEFE)
  3768 | D:5      | Killed Britaniac's ghost
  3768 | D:5      | Reached XP level 8. HP: 4/51 MP: 8/8
  4535 | D:6      | Found a sand-covered staircase.
  4545 | Ossuary  | Entered an ossuary
  4640 | Ossuary  | Reached skill level 6 in Fighting
  4874 | D:6      | Noticed Grinder
  4884 | D:6      | Paralysed by Grinder for 4 turns
  4891 | D:6      | Killed Grinder
  4891 | D:6      | Reached skill level 5 in Maces & Flails
  4909 | D:6      | Got a crystal mace
  4921 | D:6      | Identified the +4 mace "Bosamuadd" {venom, Str+7} (You found it on level 6 of the Dungeon)
  4978 | D:6      | Noticed Eustachio
  4986 | D:6      | Killed Eustachio
  4986 | D:6      | Reached XP level 9. HP: 43/56 MP: 9/9
  5175 | D:6      | Found a staircase to the Ecumenical Temple.
  5184 | Temple   | Entered the Ecumenical Temple
  5206 | Temple   | Became a worshipper of Warmaster Okawaru
  5237 | D:6      | Found a stormy altar of Qazlal.
  5415 | D:7      | Noticed shugdite's ghost (amateur MiFi)
  5448 | D:7      | Killed shugdite's ghost
  5448 | D:7      | Reached skill level 7 in Fighting
  5448 | D:7      | Reached skill level 1 in Dodging
  5500 | D:7      | Found a shimmering altar of Xom.
  5978 | D:8      | Reached * piety under Okawaru
  6043 | D:8      | Noticed Prince Ribbit
  6055 | D:8      | Killed Prince Ribbit
  6055 | D:8      | Reached ** piety under Okawaru
  6086 | D:8      | Reached XP level 10. HP: 30/64 MP: 10/10
  6233 | D:8      | Reached skill level 8 in Fighting
  6697 | D:9      | Reached *** piety under Okawaru
  6822 | D:9      | Reached skill level 5 in Dodging
  6885 | D:9      | Found Linlok's Weapon Emporium.
  6885 | D:9      | Found a staircase to the Orcish Mines.
  7336 | D:10     | Entered Level 10 of the Dungeon
  7378 | D:10     | Gained mutation: You are resistant to hostile enchantments. (MR+) [mutagenic meat]
  7379 | D:10     | Gained mutation: Armour fits poorly on your strangely shaped body. [mutagenic meat]
  7380 | D:10     | Gained mutation: You are robust. (+10% HP) [mutagenic meat]
  7381 | D:10     | Gained mutation: Your spells are a little harder to cast, but a little more powerful. [mutagenic meat]
  7382 | D:10     | Gained mutation: Your mind is acute. (Int +2) [mutagenic meat]
  7432 | D:10     | Noticed Josephine
  7442 | D:10     | Killed Josephine
  7442 | D:10     | Reached **** piety under Okawaru
  7442 | D:10     | Reached ***** piety under Okawaru
  7456 | D:10     | Reached XP level 11. HP: 56/75 MP: 11/11
  7550 | D:10     | Found Nucs's Elemental Accessories.
  7760 | D:10     | Reached skill level 9 in Fighting
  7773 | D:10     | Got a pitted halberd
  7871 | D:10     | Found Jiach's Magic Scroll Boutique.
  7881 | D:10     | Bought a scroll of magic mapping for 59 gold pieces
  8033 | D:11     | Noticed Inarius's ghost (journeyman MiFi)
  8098 | D:11     | Killed Inarius's ghost
  8305 | D:11     | Noticed an oklob plant
  8379 | D:11     | Noticed a hill giant
  8399 | D:11     | Killed a hill giant
  8399 | D:11     | Received a gift from Okawaru
  8728 | D:11     | Noticed Erica
  8741 | D:11     | Killed Erica
  8767 | D:11     | Found a staircase to the Lair.
  8767 | D:11     | Noticed an oklob plant
  8778 | D:11     | Noticed an oklob plant
  8794 | Lair:1   | Entered Level 1 of the Lair of Beasts
  9033 | Lair:1   | Received a gift from Okawaru
  9038 | Lair:1   | Got a pair of warped gloves {god gift}
  9073 | Lair:1   | Identified the +0 pair of gloves of Imuam {+Inv rPois Dex+2} (Okawaru gifted it to you on level 1 of the Lair of Beasts)
  9097 | Lair:1   | Noticed an eight-headed hydra
  9113 | Lair:1   | Killed an eight-headed hydra
  9422 | Lair:1   | Reached skill level 10 in Fighting
  9474 | Lair:1   | Reached skill level 10 in Shields
  9508 | Lair:1   | Reached XP level 12. HP: 81/84 MP: 12/12
  9882 | Lair:2   | Found a dark tunnel.
  9942 | Lair:2   | Learned a level 4 spell: Petrify
  9979 | Lair:2   | Noticed Fannar
 10000 | Lair:2   | Killed Fannar
 10072 | Lair:2   | Noticed a catoblepas
 10093 | Lair:2   | Killed a catoblepas
 10404 | Lair:2   | Noticed Urug
 10420 | Lair:2   | Killed Urug
 10673 | Lair:2   | Noticed a seven-headed hydra
 10690 | Lair:2   | Killed a seven-headed hydra
 10690 | Lair:2   | Received a gift from Okawaru
 10690 | Lair:2   | Reached ****** piety under Okawaru
 11418 | Lair:3   | Identified the +4 halberd of Distant Worlds {chaos, rN+} (You found it on level 10 of the Dungeon)
 11574 | Lair:3   | Reached skill level 11 in Fighting
 11805 | Lair:3   | Received a gift from Okawaru
 11815 | Lair:3   | Got an ichor-stained scimitar {god gift}
 11923 | Lair:3   | Reached XP level 13. HP: 90/92 MP: 13/13
 11977 | Lair:3   | Reached skill level 10 in Maces & Flails
 11983 | Lair:3   | Found a staircase to the Shoals.
 12547 | Lair:4   | Reached skill level 10 in Armour
 12547 | Lair:4   | Reached skill level 10 in Dodging
 12655 | Lair:4   | Found a staircase to the Snake Pit.
 12843 | Lair:4   | Identified the +1 scimitar of an ossuary {flame, rC+ Str+4} (Okawaru gifted it to you on level 3 of the Lair of Beasts)
 12858 | Snake:1  | Entered Level 1 of the Snake Pit
 13004 | Snake:1  | Found Anwutusa's Antique Armour Shoppe.
 13244 | Snake:1  | Received a gift from Okawaru
 13543 | Snake:1  | Noticed Asterion
 13553 | Snake:1  | Noticed a blizzard demon
 13561 | Snake:1  | Mangled by Asterion

Skill      XL: |  1  2  3  4  5  6  7  8  9 10 11 12 13 |
---------------+----------------------------------------+-----
Fighting       | 4 5 6 7 8 10 11 | 11.7
Armour         | 4 5 6 8 9 10 | 10.4
Shields        | 4 5 6 7 8 10 | 10.0
Maces & Flails | 3 4 5 6 7 8 9 10 | 10.5
Dodging        | 3 6 7 9 10 | 10.4

Action                   |  1- 3 |  4- 6 |  7- 9 | 10-12 | 13-15 || total
-------------------------+-------+-------+-------+-------+-------++-------
Melee: Flail             |   167 |   231 |   246 |       |       ||   644
       Mace              |       |       |   159 |   854 |   207 ||  1220
Invok: Heroism           |       |       |       |     1 |     1 ||     2
       Finesse           |       |       |       |     1 |       ||     1
Evoke: Wand              |       |       |     3 |       |       ||     3
  Use: Scroll            |       |     3 |       |    11 |       ||    14
       Potion            |       |       |     1 |     1 |     2 ||     4
  Eat: Chunk             |       |     9 |     4 |    18 |     3 ||    34
       Bread ration      |       |       |     1 |     1 |     1 ||     3
       Fruit             |       |       |       |     4 |       ||     4
Armor: Scale mail        |    90 |   137 |   139 |       |       ||   366
       Plate armour      |       |       |    96 |   433 |   149 ||   678
       Chain mail        |       |       |     5 |       |       ||     5
Dodge: Dodged            |    62 |    76 |   139 |   302 |    95 ||   674
Block: Shield            |    96 |   138 |   274 |   613 |   150 ||  1271
